 Dungeon Crawl Stone Soup version 0.28-a0-529-g3bad584f25 (webtiles) character file.

Game seed: 6111742862723172438

648 demibob the Insei (level 7, -2/52 HPs)
             Began as a Demonspawn Monk on Sept 24, 2021.
             Was a Priest of Dithmenos.
             Succumbed to a water moccasin's poison
             ... on level 6 of the Dungeon.
             The game lasted 00:07:45 (3905 turns).

demibob the Insei (Demonspawn Monk)                 Turns: 3905, Time: 00:07:46

Health: -2/52      AC:  8    Str: 11    XL:     7   Next: 27%
Magic:  7/7        EV: 27    Int: 12    God:    Dithmenos [***...]
Gold:   157        SH:  5    Dex: 17    Spells: 6/6 levels left

rFire   . . .      SeeInvis .     - Unarmed
rCold   + + .      Faith    .   d - +0 buckler
rNeg    . . .      Spirit   .   c - +2 leather armour {rC+}
rPois   .          Reflect  .   (no helmet)
rElec   .          Harm     .   i - scarf {+Inv}
rCorr   .          Rampage  .   (no gloves)
Will    .....                   k - +0 pair of boots
Stlth   ++........              e - amulet of the acrobat
HPRegen 0.17/turn               C - ring of protection from cold
MPRegen 0.20/turn               (no ring)

@: lethally poisoned (-2 -> -18), acrobatic, wreathed by umbra, studying
Throwing
A: thin metallic scales 1, demonic guardian 1, magic regeneration
a: Renounce Religion, Evoke Invisibility, Shadow Step


You were on level 6 of the Dungeon.
You worshipped Dithmenos.
Dithmenos was most pleased with you.
You visited 1 branch of the dungeon, and saw 4 of its levels.

You collected 157 gold pieces.


Innate Abilities, Weirdness & Mutations

You are partially covered in thin metallic scales. (AC +2)
A weak demonic guardian rushes to your aid.
You regenerate magic rapidly.


   Skills:
 - Level 3.0 Fighting
 + Level 4.1 Throwing
 - Level 2.6 Dodging
 - Level 1.7 Stealth
 - Level 4.0 Shields
 + Level 5.7 Unarmed Combat


You had 6 spell levels left.
You didn't know any spells.
Your spell library was empty.

Inventory:

Missiles
 a - a throwing net (quivered) {=f}
Armour
 c - a +2 leather armour of cold resistance (worn)
 d - a +0 buckler (worn)
 i - a scarf of invisibility (worn)
 k - a +0 pair of boots (worn)
Jewellery
 e - an amulet of the acrobat (around neck)
 C - a ring of protection from cold (left hand)
Scrolls
 b - a scroll of amnesia
 f - a scroll of identify {@r1}

Dungeon Overview and Level Annotations

Branches:
Dungeon (3/15)

Altars:
Dithmenos
Qazlal

Shops:
D:6

( #....#.................
.......................
...>.......##......#...
..)..#.##..............
▒▒...#.##..............
.▒........>.!.........
D▒......#.........##.
▒▒.##.#.#.##.....##
................@5##
....#.#.#.##....5..#
###.......>...##S.#......
#...#.#.#.#.......# .....
#.................. ....
....#.#.#.##........ ...
.##..####. #......... ..
.#....# ..##....... #
.#.......... ........


You could see a water moccasin (ally target), a friendly white imp (summoned)
and a friendly shadow imp (summoned).


Message History

The killer bee zombie closely misses you.
Your white imp misses the killer bee zombie.
You barely miss the killer bee zombie.
The killer bee zombie is almost destroyed.
The killer bee zombie hits you but does no damage.
Your white imp gestures at the killer bee zombie.
The puff of frost hits the killer bee zombie.
The killer bee zombie resists.
The killer bee zombie closely misses your white imp.
You barely miss the killer bee zombie.
The killer bee zombie is almost destroyed.
The killer bee zombie hits you.
* * * LOW HITPOINT WARNING * * *
Your white imp closely misses the killer bee zombie.
You hit the killer bee zombie.
You destroy the killer bee zombie!
Dithmenos accepts your kill.
A water moccasin comes into view.
The water moccasin hisses angrily.
The water moccasin closely misses you.
You barely miss the water moccasin. You block the water moccasin's attack.
You hit the water moccasin.
The water moccasin is lightly wounded.
The water moccasin bites you.
* * * LOW HITPOINT WARNING * * *
A demonic guardian appears!
You are lethally poisoned!
The water moccasin poisons you! The water moccasin closely misses you.
Your white imp completely misses the water moccasin.
You die...

Skill      XL: |  1  2  3  4  5  6  7 |
---------------+----------------------+-----
Unarmed Combat | 3 4 5 |  5.7
Shields        | 1 2 3 4 |  4.0
Throwing       | 2 3 4 |  4.1
Fighting       | |  3.0
Dodging        | |  2.6
Stealth        | |  1.7

Action                   |  1- 3 |  4- 6 |  7- 9 || total
-------------------------+-------+-------+-------++-------
Melee: Unarmed           |   131 |   167 |    27 ||   325
       Punch             |     3 |       |       ||     3
 Abil: Evoke Invisibilit |       |     2 |       ||     2
  Use: Potion            |       |     6 |       ||     6
       Scroll            |       |     3 |       ||     3
 Stab: Sleeping          |     5 |     5 |       ||    10
       Distracted        |       |     1 |       ||     1
       Invisible         |       |     2 |       ||     2
Armor: Robe              |     4 |       |       ||     4
       Leather armour    |    39 |    30 |     5 ||    74
Dodge: Dodged            |    93 |    66 |    17 ||   176
Block: Buckler           |    26 |    30 |     8 ||    64

Levels and vault maps discovered:
D:1:      zelgadis_glass_arrival_small, layout_rooms,
          hellmonk_ecumenical_altar_arch_garden
D:2:      layout_loops_corners, serial_glass, glass_columns_a, glass_columns_a,
          glass_columns_b, glass_columns_a, glass_columns_c,
          uniq_crazy_yiuf_cottage
D:3:      wander_river, layout_basic, nicolae_qazlal_style_of_elements
D:6:      layout_cave_pools, enter_ossuary_5, st_stairs_8,
          doesnt_shop_hydraphobe, uniq_menkaure

Notes
Turn   | Place    | Note
-------+----------+-------------------------------------------
     0 | D:1      | demibob the Demonspawn Monk began the quest for the Orb.
     0 | D:1      | Reached XP level 1. HP: 18/18 MP: 1/1
    74 | D:1      | Reached skill level 3 in Unarmed Combat
   168 | D:1      | Gained mutation: You regenerate magic rapidly. [demonic
                  | ancestry]
   168 | D:1      | Reached XP level 2. HP: 19/24 MP: 2/2
   765 | D:1      | Found a faded altar of an unknown god.
   792 | D:1      | Became a worshipper of Dithmenos the Shadowed
   792 | D:1      | Reached * piety under Dithmenos
   792 | D:1      | Reached ** piety under Dithmenos
  1094 | D:2      | Reached skill level 1 in Shields
  1094 | D:2      | Gained mutation: A weak demonic guardian rushes to your
                  | aid. [demonic ancestry]
  1094 | D:2      | Reached XP level 3. HP: 10/29 MP: 3/3
  1576 | D:2      | Reached skill level 4 in Unarmed Combat
  1584 | D:2      | Reached *** piety under Dithmenos
  1633 | D:2      | Reached XP level 4. HP: 29/35 MP: 4/4
  2110 | D:2      | Found a runed translucent door.
  2111 | D:2      | Noticed Crazy Yiuf
  2240 | D:2      | Killed Crazy Yiuf
  2241 | D:2      | Reached skill level 2 in Shields
  2628 | D:3      | Noticed a sky beast
  2650 | D:3      | Killed a sky beast
  2651 | D:3      | Reached XP level 5. HP: 5/41 MP: 5/5
  2927 | D:3      | Identified a scroll of acquirement
  2927 | D:3      | Acquired a manual of Throwing
  3085 | D:3      | Reached skill level 3 in Shields
  3095 | D:3      | Reached skill level 1 in Throwing
  3734 | D:3      | Found a stormy altar of Qazlal.
  3736 | D:3      | Noticed a fire elemental
  3737 | D:3      | Noticed a water elemental
  3737 | D:3      | Noticed an air elemental
  3743 | D:3      | You fall into a shaft and drop 3 floors!
  3743 | D:6      | Noticed a wyvern
  3743 | D:6      | Noticed an ice beast
  3758 | D:6      | Killed a wyvern
  3759 | D:6      | Reached skill level 2 in Throwing
  3759 | D:6      | Reached skill level 5 in Unarmed Combat
  3759 | D:6      | Gained mutation: You are partially covered in thin metallic
                  | scales. (AC +2) [demonic ancestry]
  3759 | D:6      | Reached XP level 6. HP: 8/47 MP: 6/6
  3802 | D:6      | Killed an ice beast
  3803 | D:6      | Reached skill level 3 in Throwing
  3827 | D:6      | Found Tuych's Hydra Hut.
  3841 | D:6      | Reached skill level 4 in Shields
  3841 | D:6      | Reached XP level 7. HP: 20/49 MP: 5/7
  3851 | D:6      | Noticed an eight-headed hydra
  3865 | D:6      | Reached skill level 4 in Throwing
  3894 | D:6      | HP: 3/52 [killer bee zombie (6)]
  3904 | D:6      | HP: 2/52 [water moccasin (3)]
  3905 | D:6      | Succumbed to a water moccasin's poison

Vanquished Creatures
  A wyvern (D:6)
  A sky beast (D:3)
  An ice beast (D:6)
  An ogre (D:6)
  A hound (D:6)
  A jelly (D:6)
  A killer bee zombie (D:6)
  7 gnolls
  An adder (D:2)
  2 orcs (D:3)
  8 ball pythons
  4 endoplasms
  A giant cockroach (D:1)
  8 goblins
  2 hobgoblins
  4 jackals (D:2)
  5 quokkas
  A bat (D:1)
  5 frilled lizards
  7 kobolds
  3 rats
65 creatures vanquished.

Vanquished Creatures (collateral kills)
  Crazy Yiuf (D:2)
1 creature vanquished.

Grand Total: 66 creatures vanquished

Table legend: (Time is in decaauts)
 A = Elapsed time spent in this place.
 B = Non-inter-level travel time spent in this place.
 C = Inter-level travel time spent in this place.
 D = Time resting spent in this place.
 E = Time spent auto-exploring this place.
 F = Levels seen in this place.
 G = Mean time per level.
                   A        B        C        D        E       F      G
               +--------+--------+--------+--------+--------+-----+--------+
         Total |   3883 |   3813 |     70 |   1206 |   1925 |   4 |  970.8 |
       Dungeon |   3883 |   3813 |     70 |   1206 |   1925 |   4 |  970.8 |
               +--------+--------+--------+--------+--------+-----+--------+

Top non-repeatable levels by time:
     D:2: 1642 daAuts
     D:3: 1279 daAuts
     D:1: 827 daAuts
     D:6: 135 daAuts

Table legend:
 A = Non-vault XP
 B = Vault XP
 C = Vault XP percentage of total XP
 D = Non-vault monster count
 E = Vault monster count
 F = Vault count percentage of total count
                 A         B        C        D         E       F
            +---------+---------+-------+---------+---------+-------
      Total |     557 |     369 |  39.8 |      63 |       3 |   4.5
            +---------+---------+-------+---------+---------+-------
        D:1 |      34 |       0 |   0.0 |      22 |       0 |   0.0
        D:2 |      82 |      40 |  32.8 |      19 |       1 |   5.0
        D:3 |     208 |       0 |   0.0 |      18 |       0 |   0.0
        D:6 |     233 |     329 |  58.5 |       4 |       2 |  33.3
            +---------+---------+-------+---------+---------+-------
